 Dungeon Crawl Stone Soup version 0.21.1-1-g345015f (webtiles) character file.

3 Casualgrain11 the Caller (level 1, 0/7 HPs)
             Began as a Felid Summoner on June 6, 2018.
             Slain by a bat (1 damage)
             ... on level 1 of the Dungeon.
             The game lasted 00:02:05 (518 turns).

Casualgrain11 the Caller (Felid Summoner)            Turns: 518, Time: 00:02:05

Health: 0/7        AC:  1    Str:  4    XL:     1   Next: 41%
Magic:  4/4        EV: 18    Int: 16    God:
Gold:   8          SH:  0    Dex: 16    Spells: 3/4 levels left
                                        Lives:  0   Deaths: 0

rFire    . . .     SeeInvis +   (weapon unavailable)
rCold    . . .     Gourm    .   (shield unavailable)
rNeg     . . .     Faith    .   (armour unavailable)
rPois    .         Spirit   .   (helmet unavailable)
rElec    .         Reflect  .   (cloak unavailable)
rCorr    .         Harm     .   (gloves unavailable)
MR       .....                  (boots unavailable)
Stlth    +++.......             (no amulet)
HPRegen  0.02/turn              (no ring)
MPRegen  0.09/turn              (no ring)

@: quick
A: very small, no armour, no weapons or thrown items, stealth, claws 1, fangs 3,
see invisible, carnivore, speed 1, shaggy fur 1, slow metabolism 1, sharp paws
a: no special abilities


You were on level 1 of the Dungeon.
You were not hungry.

You visited 1 branch of the dungeon, and saw 1 of its levels.

You collected 8 gold pieces.

Inventory:

Scrolls
 c - a scroll of magic mapping
 f - a scroll of fear
Potions
 d - a potion of berserk rage {unknown}
 e - a potion of heal wounds {unknown}
Books
 a - a book of Callings

   Spells                             Type                      Level
   a - Summon Small Mammal            Summoning                    1
   b - Call Imp                       Summoning                    2
   c - Call Canine Familiar           Summoning                    3
   d - Summon Guardian Golem          Hexes/Summoning              3
   e - Summon Lightning Spire         Summoning/Air                4
   f - Summon Ice Beast               Ice/Summoning                4
Comestibles
 b - 2 rations


   Skills:
 + Level 2.7 Dodging
 + Level 2.8 Stealth
 + Level 2.1 Spellcasting
 + Level 4.0 Summonings


You had 3 spell levels left.
You knew the following spells:

 Your Spells              Type           Power        Failure   Level  Hunger
a - Summon Small Mammal   Summ           ##..         3%          1    #......


Dungeon Overview and Level Annotations

Branches:
Dungeon (1/15)

Altars:


Innate Abilities, Weirdness & Mutations

You cannot wear armour.
You are incapable of wielding weapons or throwing items.
Your paws allow you to move quietly. (Stealth)
You have sharp claws.
You have razor-sharp teeth.
You have supernaturally acute eyesight. (SInv)
You are carnivorous and can eat meat at any time.
You cover ground quickly.
You are covered in fur. (AC +1)
You have a slow metabolism.
Your sharp claws are effective at attacking unaware monsters.


Message History

Your bat misses the hobgoblin. The bat completely misses you. x2
The bat barely misses you.
Your bat hits the hobgoblin but does no damage.
The bat hits you but does no damage. The bat misses you.
Your bat barely misses the hobgoblin.
The bat hits you but does no damage.
Your bat hits the hobgoblin. The bat closely misses you. The bat misses you.
The bat barely misses you.
Your bat closely misses the hobgoblin.
The bat hits you but does no damage.
Your bat closely misses the hobgoblin.
The bat completely misses you. The bat closely misses you.
The bat closely misses you.
Your bat hits the hobgoblin but does no damage.
The bat hits you but does no damage. The bat closely misses you.
The bat closely misses you. x2
The bat hits you but does no damage. The bat misses you.
The bat completely misses you. The bat closely misses you.
The bat completely misses you. The bat completely misses you.
The bat closely misses you.
Your bat barely misses the bat.
The bat hits you.
You die...

#....# #.#### #.#########
#.........#
###############.........#
........................#
#...#
.###########............#
#...# .# #............#
#...# .#
#....@b......#####...# .#
#....b.b÷....#.......# .#
#......h.....#.......# .#
#####........#........ .#
#........#.###...# .#
#.......h..g...... .#
####>............. .#
#.#####.####### .# #.#
#.#


You could see 2 jackals, 2 bats and a friendly bat.

Vanquished Creatures
  A goblin (D:1)
  A frilled lizard (D:1)
  A rat (D:1)
3 creatures vanquished.

Vanquished Creatures (collateral kills)
  A bat (D:1)
1 creature vanquished.

Grand Total: 4 creatures vanquished

Notes
Turn   | Place    | Note
-------+----------+-------------------------------------------
     0 | D:1      | Casualgrain11 the Felid Summoner began the quest for the Orb.
     0 | D:1      | Reached XP level 1. HP: 7/7 MP: 4/4
   518 | D:1      | Slain by a bat

Action                   || total
-------------------------++-------
Melee: Unarmed           ||    10
       Bite              ||     1
 Cast: Summon Small Mamm ||     4
  Use: Scroll            ||     2
       Potion            ||     1
Armor: Skin              ||     9
Dodge: Dodged            ||    47
